 Dungeon Crawl Stone Soup version 0.30-a0-140-gd1020e658a (webtiles) character file.

Game seed: 2806805433556202981

130 Ofeo the Sneak (level 5, 0/31 HPs)
             Began as an Octopode Air Elementalist on Sept 24, 2022.
             Succumbed to an adder's poison
             ... in a sewer.
             The game lasted 00:05:24 (3422 turns).

Ofeo the Sneak (Octopode Air Elementalist)          Turns: 3422, Time: 00:05:25

Health: 0/31       AC:  1    Str: 13    XL:     5   Next: 14%
Magic:  5/9        EV: 13    Int: 26    God:
Gold:   83         SH:  0    Dex: 12    Spells: 3/9 levels left

rFire   . . .      SeeInvis .    c - +0 trident (elec)
rCold   . . .      Faith    .    (no shield)
rNeg    . . .      Spirit   .    (helmet restricted)
rPois   .          Reflect  .    (no amulet)
rElec   .          Harm     .    d - +6 ring of strength
rCorr   .          Rampage  .    f - +6 ring of intelligence
Will    .....                    (no ring)
Stlth   ++++......               (no ring)
HPRegen 0.10/turn                (no ring)
MPRegen 0.11/turn                (no ring)
                                 (no ring)
                                 (no ring)

@: lethally poisoned (0 -> -3), hasted, very quick
A: almost no armour, amphibious, 8 rings, camouflage 1, gelatinous body 1,
nimble swimmer 1, tentacles
a: no special abilities


You were in a sewer.
You visited 1 branch of the dungeon, and saw 3 of its levels.
You also visited: Sewer.

You collected 83 gold pieces.

Inventory:

Hand Weapons
 c - a +0 trident of electrocution (weapon)
 h - a +2 short sword of electrocution
Jewellery
 b - an amulet of guardian spirit
 d - a +6 ring of strength (left tentacle)
 f - a +6 ring of intelligence (right tentacle)
Potions
 a - a potion of magic
 e - a potion of mutation
 i - a potion of flight {unknown}


   Skills:
 + Level 2.9 Dodging
 + Level 4.0 Stealth
 + Level 2.6 Spellcasting
 + Level 2.2 Conjurations
 + Level 3.6 Air Magic


You had 3 spell levels left.
You knew the following spells:

 Your Spells              Type           Power      Damage    Failure   Level
a - Shock                 Conj/Air       72%        1d7       3%          1
b - Static Discharge      Conj/Air       36%        2-4/arc   4%          2
c - Swiftness             Air            22%        N/A       6%          3

Your spell library contained the following spells:

 Spells                   Type           Power      Damage    Failure   Level
 Blink                    Tloc           6%         N/A       14%         2
 Lesser Beckoning         Tloc           3%         N/A       28%         3
 Airstrike                Air            11%        2d(2-18)  22%         4
 Manifold Assault         Tloc           3%         N/A       67%         4


Dungeon Overview and Level Annotations

Branches:
Dungeon (3/15)              Sewer (1/1)

Altars:
Ru


Innate Abilities, Weirdness & Mutations

You cannot wear most types of armour.
You are amphibious.
You can wear up to eight rings at the same time.
Your skin changes colour to match your surroundings (Stealth+).
Your rubbery body absorbs attacks. (AC +1, EV +1)
You are camouflaged when in or above water. (Stealth+)
You have tentacles for arms and can constrict up to eight enemies at once.


Message History

There are monsters nearby!
There are monsters nearby!
There are monsters nearby!
There are monsters nearby!
You now have 5/9 mp.
The zap hits the plant.
The plant is lightly damaged.
The zap hits the river rat.
The river rat is severely wounded.
You now have 4/9 mp.
There are monsters nearby!
You reach to attack!
You barely miss the adder.
A nearby plant withers and dies. x2; The adder completely misses you.
There are monsters nearby!
You closely miss the river rat. Your grab misses the river rat.
The river rat is severely wounded.
The adder barely misses you. The adder bites you. The river rat bites you.
You take 3 damage, and have 28/31 hp.
The river rat bites you! The adder misses you.
You take 7 damage, and have 21/31 hp.
MASSIVE DAMAGE!!
You barely miss the river rat. You grab the river rat.
The river rat is severely wounded.
You constrict the river rat, but do no damage.
The adder bites you.
You are poisoned.
The adder poisons you! The river rat bites you.
You take 6 damage, and have 15/31 hp.
You closely miss the adder. Your grab misses the adder.
You constrict the river rat, but do no damage.
You feel sick. The adder bites you.
* * * LOW HITPOINT WARNING * * *
The river rat bites you!
* * * LOW HITPOINT WARNING * * *
The adder bites you.
* * * LOW HITPOINT WARNING * * *
You take 14 damage, and have 1/31 hp.
MASSIVE DAMAGE!!
You aren't carrying any scrolls.
It was a potion of haste.
You feel yourself speed up.
You constrict the river rat.
You die...

##≈≈≈.#~#~≈≈≈≈≈≈≈.~~
#≈≈≈≈#~#≈÷≈≈≈≈≈≈...
#≈≈≈≈#~#≈≈≈≈≈≈≈≈.~.
##≈≈≈#~#≈########..
##≈≈≈#~#≈≈≈≈≈≈≈≈ ..
#≈≈≈≈#~#≈####### ..
##≈≈≈#~#≈≈ .
#≈≈≈≈#~#≈≈ .
##≈@≈≈#~#≈≈≈
#≈≈Sr.#~#.≈≈
#≈≈~....†P.≈≈
###†~~...##
...~...~~ .~.~..†##
#..~.~~.~)
#..~P..~..
##......~~


You could see an adder and a river rat.

Vanquished Creatures
  3 river rats (Sewer)
  3 adders
  A worm (D:3)
  A dart slug (D:1)
  3 orcs (D:3)
  4 bats
  4 endoplasms
  5 giant cockroaches
  3 goblins
  3 hobgoblins
  8 jackals
  10 kobolds
  11 ball pythons
  4 frilled lizards
  4 rats
67 creatures vanquished.

Vanquished Creatures (others)
  24 plants
24 creatures vanquished.

Grand Total: 91 creatures vanquished

Notes
Turn   | Place    | Note
-------+----------+-------------------------------------------
     0 | D:1      | Ofeo the Octopode Air Elementalist began the quest for the
                  | Orb.
     0 | D:1      | Reached XP level 1. HP: 11/11 MP: 3/3
   272 | D:1      | Found a faded altar of an unknown god.
   360 | D:1      | Reached XP level 2. HP: 17/17 MP: 1/5
   431 | D:1      | Reached skill level 3 in Stealth
  1128 | D:1      | Reached XP level 3. HP: 21/21 MP: 3/6
  2197 | D:2      | Found a sacrificial altar of Ru.
  2555 | D:3      | Reached XP level 4. HP: 27/27 MP: 4/7
  2961 | D:3      | Learned a level 2 spell: Static Discharge
  2965 | D:3      | Learned a level 3 spell: Swiftness
  2966 | D:3      | Found a glowing drain.
  2991 | Sewer    | Entered a sewer
  3275 | Sewer    | Reached XP level 5. HP: 31/31 MP: 6/8
  3280 | Sewer    | Reached skill level 4 in Stealth
  3421 | Sewer    | HP: 1/31 [adder (1)]
  3422 | Sewer    | Succumbed to an adder's poison

Illustrated notes

Levels and vault maps discovered:
D:1:      wander_arrival_lonely_grave, layout_basic,
          shapermc_ecumenical_altar_mp_urbaneastern, serial_corexii_hall,
          corexii_hall_statues_x, corexii_hall_statues_t
D:2:      layout_loops_corners, basic_altar
D:3:      layout_rooms, gup_sewer_entry_glass
Sewer:    sewer_co_scattered_pipes

Skill      XL: |  1  2  3  4  5 |
---------------+----------------+-----
Stealth        | 3 4 |  4.0
Conjurations   | 2 |  2.2
Dodging        | |  2.9
Spellcasting   | |  2.6
Air Magic      | |  3.6

Action                   |  1- 3 |  4- 6 || total
-------------------------+-------+-------++-------
Melee: Trident           |    23 |    27 ||    50
       Constrict         |     6 |     4 ||    10
       Tentacles         |     3 |     4 ||     7
 Cast: Shock             |    50 |    45 ||    95
  Use: Scroll            |     7 |     2 ||     9
       Potion            |       |     4 ||     4
 Stab: Sleeping          |     5 |     1 ||     6
Armor: Skin              |     1 |     3 ||     4
Dodge: Dodged            |    13 |    15 ||    28

Table legend: (Time is in decaauts)
 A = Elapsed time spent in this place.
 B = Non-inter-level travel time spent in this place.
 C = Inter-level travel time spent in this place.
 D = Time resting spent in this place.
 E = Time spent auto-exploring this place.
 F = Levels seen in this place.
 G = Mean time per level.
                   A        B        C        D        E       F      G
               +--------+--------+--------+--------+--------+-----+--------+
         Total |   3433 |   3416 |     17 |    770 |   2073 |   4 |  858.2 |
       Dungeon |   2999 |   2982 |     17 |    559 |   1960 |   3 |  999.7 |
         Sewer |    433 |    433 |      0 |    211 |    113 |   1 |  433.0 |
               +--------+--------+--------+--------+--------+-----+--------+

Top non-repeatable levels by time:
     D:1: 1452 daAuts
     D:2: 1095 daAuts
     D:3: 451 daAuts
   Sewer: 433 daAuts
